 Dungeon Crawl Stone Soup version 0.21.1-1-g345015f (webtiles) character file.

53 Gremour the Archer (level 3, -2/31 HPs)
             Began as a Gnoll Hunter on Mar 16, 2018.
             Killed by divine providence
             ... invoked by an orc priest
              (13 damage)
             ... on level 3 of the Dungeon.
             The game lasted 00:07:49 (1415 turns).

Gremour the Archer (Gnoll Hunter)                   Turns: 1415, Time: 00:07:51

Health: -2/31      AC:  3    Str: 14    XL:     3   Next: 87%
Magic:  4/4        EV: 14    Int: 13    God:
Gold:   125        SH:  0    Dex: 16    Spells: 4/4 levels left

rFire    . . .     SeeInvis .   a - +1 hand axe (chop)
rCold    . . .     Gourm    .   (no shield)
rNeg     . . .     Faith    .   c - +0 leather armour
rPois    .         Spirit   .   (no helmet)
rElec    .         Reflect  .   (no cloak)
rCorr    .         Harm     .   (no gloves)
MR       .....                  (no boots)
Stlth    ++........             (no amulet)
HPRegen  0.10/turn              (no ring)
MPRegen  0.09/turn              (no ring)

@: no status effects
A: distributed training, fangs 1, strong nose
a: no special abilities


You were on level 3 of the Dungeon.
You were hungry.

You visited 1 branch of the dungeon, and saw 3 of its levels.

You collected 125 gold pieces.

Inventory:

Hand Weapons
 a - a +1 hand axe of chopping (weapon)
 b - a +1 shortbow
Missiles
 d - 40 arrows
Armour
 c - a +0 leather armour (worn)
Scrolls
 g - a scroll of fog {unknown}
 h - 2 scrolls of teleportation {unknown}
 i - 2 scrolls of enchant armour {unknown}
 m - a scroll of immolation {unknown}
Potions
 e - a potion of heal wounds {unknown}
 j - a potion of lignification {unknown}
 k - a potion of berserk rage {unknown}
 l - a potion of haste {unknown}
 n - a potion of cancellation {unknown}
 o - a potion of invisibility {unknown}
 p - a potion of flight {unknown}
Comestibles
 f - 3 rations


   Skills:
 + Level 4.6 Fighting
 + Level 1.0 Short Blades
 + Level 1.0 Long Blades
 + Level 1.0 Axes
 + Level 1.0 Maces & Flails
 + Level 1.0 Polearms
 + Level 1.0 Staves
 + Level 1.0 Slings
 + Level 8.5 Bows
 + Level 1.0 Crossbows
 + Level 1.0 Throwing
 + Level 1.0 Armour
 + Level 4.6 Dodging
 + Level 2.4 Stealth
 + Level 1.0 Shields
 + Level 1.0 Unarmed Combat
 + Level 1.0 Spellcasting
 + Level 0.7 Conjurations
 + Level 0.7 Hexes
 + Level 0.7 Charms
 + Level 0.7 Summonings
 + Level 0.7 Necromancy
 + Level 0.7 Translocations
 + Level 0.7 Transmutations
 + Level 0.7 Fire Magic
 + Level 0.7 Ice Magic
 + Level 0.7 Air Magic
 + Level 0.7 Earth Magic
 + Level 0.7 Poison Magic
 + Level 1.0 Invocations
 + Level 1.0 Evocations


You had 4 spell levels left.
You didn't know any spells.

Dungeon Overview and Level Annotations

Branches:
Dungeon (3/15)

Altars:
Ashenzari
Fedhas
Hepliaklqana
Trog
Wu Jian


Innate Abilities, Weirdness & Mutations

Your experience applies equally to all skills.
You have very sharp teeth.
Your uncanny sense of smell can sniff out nearby items.


Message History

You are feeling hungry.
You hit the orc priest. Your punch misses the orc priest.
The orc priest is lightly wounded.
You hit the orc but do no damage. The orc barely misses you.
The orc priest hits you with a vampiric dagger.
The orc closely misses you.
Unknown command.
You hit the orc priest but do no damage.
You bite the orc priest, but do no damage.
The orc priest is lightly wounded.
You hit the orc but do no damage. The orc priest misses you.
The orc misses you.
Unknown command.
You closely miss the orc priest.
The orc priest is lightly wounded.
You hit the orc. The orc priest barely misses you.
The orc completely misses you.
The orc priest mumbles some strange prayers to Beogh against you.
Beogh smites you!
You die...

#...#......##......
#+####.....##......
##.#..##............
##..#...##...##.[.##.
##...#....##.. ###....
##....#.....##. ####.
##.....#......## #.
#.....o#.......# #.
.....(o@....###########.
...#.###)...####........
....................
....................
....................
##########......###.
#...#### #. #..## #.
##... #.


You could see an orc priest and an orc.

Vanquished Creatures
  An adder (D:2)
  An ooze (D:2)
  3 dart slugs
  2 orcs (D:3)
  5 bats (D:1)
  A giant cockroach (D:1)
  6 goblins (D:1)
  A hobgoblin (D:1)
  A quokka (D:2)
  4 frilled lizards
  3 kobolds
  5 rats
33 creatures vanquished.

Notes
Turn   | Place    | Note
-------+----------+-------------------------------------------
     0 | D:1      | Gremour the Gnoll Hunter began the quest for the Orb.
     0 | D:1      | Reached XP level 1. HP: 20/20 MP: 1/1
   186 | D:1      | Reached XP level 2. HP: 26/26 MP: 2/2
   568 | D:2      | Reached XP level 3. HP: 31/31 MP: 3/3
   836 | D:2      | Found a bloodstained altar of Trog.
   856 | D:2      | Reached skill level 1 in Invocations
   991 | D:2      | Found a blossoming altar of Fedhas.
  1109 | D:2      | Found a hazy altar of Hepliaklqana.
  1354 | D:3      | Found a shattered altar of Ashenzari.
  1380 | D:3      | Found an ornate altar of the Wu Jian Council.
  1410 | D:3      | Reached skill level 1 in Short Blades
  1410 | D:3      | Reached skill level 1 in Long Blades
  1410 | D:3      | Reached skill level 1 in Axes
  1410 | D:3      | Reached skill level 1 in Maces & Flails
  1410 | D:3      | Reached skill level 1 in Polearms
  1410 | D:3      | Reached skill level 1 in Staves
  1410 | D:3      | Reached skill level 1 in Slings
  1410 | D:3      | Reached skill level 1 in Crossbows
  1410 | D:3      | Reached skill level 1 in Throwing
  1410 | D:3      | Reached skill level 1 in Armour
  1410 | D:3      | Reached skill level 1 in Shields
  1410 | D:3      | Reached skill level 1 in Unarmed Combat
  1410 | D:3      | Reached skill level 1 in Spellcasting
  1410 | D:3      | Reached skill level 1 in Evocations
  1415 | D:3      | Killed from afar by an orc priest

Skill      XL: |  1  2  3 |
---------------+----------+-----
Invocations    | 1 |  1.0
Short Blades   | 1 |  1.0
Long Blades    | 1 |  1.0
Axes           | 1 |  1.0
Maces & Flails | 1 |  1.0
Polearms       | 1 |  1.0
Staves         | 1 |  1.0
Slings         | 1 |  1.0
Crossbows      | 1 |  1.0
Throwing       | 1 |  1.0
Armour         | 1 |  1.0
Shields        | 1 |  1.0
Unarmed Combat | 1 |  1.0
Spellcasting   | 1 |  1.0
Evocations     | 1 |  1.0
Fighting       | |  4.6
Bows           | |  8.5
Dodging        | |  4.6
Stealth        | |  2.4
Conjurations   | |  0.7
Hexes          | |  0.7
Charms         | |  0.7
Summonings     | |  0.7
Necromancy     | |  0.7
Translocations | |  0.7
Transmutations | |  0.7
Fire Magic     | |  0.7
Ice Magic      | |  0.7
Air Magic      | |  0.7
Earth Magic    | |  0.7
Poison Magic   | |  0.7

Action                   || total
-------------------------++-------
Melee: Hand axe          ||    47
       Short sword       ||     4
       Bite              ||     6
 Fire: Shortbow          ||    27
 Stab: Sleeping          ||     5
  Eat: Chunk             ||     1
Armor: Leather armour    ||    15
Dodge: Dodged            ||    50
